 Dungeon Crawl Stone Soup version 0.20.0-15-g7f486f2 (webtiles) character file.

12882 Gargoyl the Basher (level 11, -2/95 HPs)
             Began as a Red Draconian Abyssal Knight on June 14, 2017.
             Was a High Priest of Lugonu.
             Slain by a spiny frog (21 damage)
             ... on level 1 of the Lair of Beasts.
             The game lasted 00:26:01 (13221 turns).

Gargoyl the Basher (Red Draconian Abyssal Knight)  Turns: 13221, Time: 00:26:01

Health: -2/95      AC: 14    Str: 14    XL:     11   Next: 68%
Magic:  16/16      EV: 16    Int: 23    God:    Lugonu [*****.]
Gold:   584        SH:  0    Dex: 12    Spells: 10/10 levels left

rFire    + . .     SeeInvis .   A - +7 great mace of Otogoutz {crush, Int+7}
rCold    . . .     Gourm    .   (shield currently unavailable)
rNeg     . . .     Faith    .   (armour unavailable)
rPois    +         Spirit   .   E - +2 hat {Int+3}
rElec    .         Reflect  .   v - +2 cloak {rPois}
rCorr    .         Harm     .   (no gloves)
MR       .....     Clarity  +   i - +1 pair of boots
Stlth    +++.......             (no amulet)
Regen    0.3/turn               u - ring of flight
MPRegen  0.2/turn               m - ring of wizardry

@: short of breath
A: breathe fire, unfitting armour, clarity, fire resistance 1, weak 1,
cold-blooded, AC +7
a: Breathe Fire, Depart the Abyss, Bend Space, Banish, Corrupt, Enter the Abyss,
Renounce Religion, Evoke Flight


You were on level 1 of the Lair of Beasts.
You worshipped Lugonu.
Lugonu was extremely pleased with you.
You were not hungry.

You visited 2 branches of the dungeon, and saw 12 of its levels.
You visited the Abyss 1 time.
You also visited: Bailey.

You collected 584 gold pieces.

Inventory:

Hand Weapons
 a - a +1 hand axe
 t - a cursed -1 hand axe
 z - a +3 dire flail
 A - the +7 great mace of Otogoutz (weapon) {crush, Int+7}
   (You found it on level 5 of the Dungeon)

   It inflicts extra damage upon your enemies.
   It affects your intelligence (+7).
Missiles
 k - 6 tomahawks (quivered)
 x - 2 javelins
Armour
 i - a +1 pair of boots (worn)
 v - a +2 cloak of poison resistance (worn)
 E - a +2 hat of intelligence (worn)
 G - a +2 buckler of protection
 M - a scarf of resistance
Jewellery
 m - a ring of wizardry (right hand)
 u - a ring of flight (left hand)
Wands
 f - a wand of lightning (0/15)
 o - a wand of confusion (8/48)
 w - a wand of scattershot (4/9)
 y - a wand of random effects (21/48)
 C - a wand of iceblast (6/15)
 D - a wand of iceblast (9/15)
 K - a wand of flame (17/48)
Scrolls
 d - 4 scrolls of teleportation
 j - a scroll of magic mapping
 s - 2 scrolls of fear
 B - 2 scrolls of remove curse
 F - 2 scrolls of recharging
 J - a scroll of identify
 L - a scroll of fog
Potions
 c - 5 potions of brilliance
 e - 3 potions of haste
 g - 6 potions of curing
 l - a potion of lignification
 n - a potion of heal wounds
 r - 2 potions of invisibility
 H - 2 potions of magic
Books
 N - a book of Cantrips

   Spells                             Type                      Level
   a - Confusing Touch                Hexes                        1
   b - Animate Skeleton               Necromancy                   1
   c - Summon Small Mammal            Summoning                    1
   d - Apportation                    Translocation                1
Comestibles
 b - 4 bread rations
 h - 4 meat rations
 p - 3 royal jellies
 q - 4 fruits


   Skills:
 + Level 8.5 Fighting
 + Level 6.4(9.1) Axes
 + Level 9.9(10.7) Maces & Flails
 + Level 0.3 Throwing
 * Level 7.9 Dodging
 * Level 7.1 Stealth
 * Level 7.9 Invocations
 + Level 1.0 Evocations


You had 10 spell levels left.
You didn't know any spells.

Dungeon Overview and Level Annotations

Branches:
Dungeon (11/15)            Temple (0/1) D:4            Lair (1/6) D:9
    Orc (0/2) D:9

Altars:
Cheibriados
Dithmenos
Gozag
Hepliaklqana
Kikubaaqudgha
Makhleb
Nemelex Xobeh
Okawaru
Qazlal
Trog
Uskayaw


Innate Abilities, Weirdness & Mutations

You can breathe blasts of fire.
Your fiery red scales are hard. (AC +7)
You cannot fit into any form of body armour.
Your flesh is heat resistant. (rF+)
You are cold-blooded and may be slowed by cold attacks.
You possess an exceptional clarity of mind.
You are weak. (Str -2)


Message History

The spiny frog stings you!!
Unknown command.
Press: ? - help, Shift-Dir - straight line, f - basilisk
Aim: a basilisk You breathe a blast of fire.
The fiery breath hits the basilisk.
The basilisk is moderately wounded.
You feel somewhat more hungry.
You feel sick. The spiny frog stings you. The basilisk barely misses you.
Unknown command.
You hit the basilisk.
The basilisk is heavily wounded.
The spiny frog stings you!
* * * LOW HITPOINT WARNING * * *
The basilisk bites you.
* * * LOW HITPOINT WARNING * * *
The spiny frog misses you.
You feel better. The basilisk bites you.
* * * LOW HITPOINT WARNING * * *
The spiny frog stings you!!
You die...

.................##...###"...###
...................#........##
...................#...8...#.##
##....#.)..................#..#
#.l..##........ยง..#.8..(8....#
#.#.?.............#.......####
#.#.l.................8...###
..#..F.........lF##.......#.#
..##...........#@#....#.#...##
..#......#.#....#
+.8......##...##
#..###..<##....#
##........##...##
#..........#....#
#............#F..#
#.##.........#.>.# #.#
#.............#


You could see a spiny frog and a basilisk.

Vanquished Creatures
  Gastronok (D:11)
  Erica (D:8)
  2 two-headed ogres (D:9)
  Sonja (D:11)
  A black mamba (D:9)
  Maurice (D:11)
  3 spiny frogs
  A komodo dragon (Lair:1)
  2 trolls (D:9)
  2 hippogriffs
  A basilisk (D:9)
  A porcupine (Lair:1)
  2 water moccasins
  A swamp drake (D:9)
  6 orc warriors
  2 ice beasts
  A sky beast (D:8)
  A black bear (Lair:1)
  8 ogres
  A necrophage (D:9)
  2 centaurs
  3 phantoms
  3 wolves (D:9)
  2 crocodiles
  3 bullfrogs
  A wyvern skeleton (D:8)
  3 scorpions
  A howler monkey (D:6)
  4 wights (D:6)
  An electric eel (D:9)
  A bullfrog zombie (D:6)
  3 crimson imps
  A centaur zombie (D:7)
  12 hounds
  5 orc priests
  Crazy Yiuf (D:5)
  A centaur skeleton (D:5)
  2 jellies
  A bullfrog skeleton (D:6)
  2 iguanas (D:8)
  10 orc wizards
  7 worker ants
  A hound skeleton (D:9)
  A howler monkey zombie (D:6)
  14 adders
  13 gnolls (Bailey)
  3 shadow imps
  An adder zombie (D:5)
  2 adder skeletons
  A worm (D:3)
  2 dart slugs
  8 leopard geckos
  40 orcs
  A ball python (D:2)
  7 bats
  7 giant cockroaches
  4 goblins
  15 hobgoblins
  12 jackals
  6 quokkas
  3 frilled lizards
  A jackal zombie (D:5)
  15 kobolds
  8 rats
273 creatures vanquished.

Vanquished Creatures (others)
  The ghost of loom the Thaumaturge, a journeyman DECj of Vehumet (D:10)
  An orc knight (Bailey)
  An ugly thing (D:11)
  2 electric eels (D:9)
5 creatures vanquished.

Grand Total: 278 creatures vanquished

Notes
Turn   | Place    | Note
-------+----------+-------------------------------------------
     0 | Abyss:1  | Gargoyl the Draconian Abyssal Knight began the quest for the Orb.
     0 | Abyss:1  | Reached XP level 1. HP: 19/19 MP: 2/2
    56 | Abyss:1  | Found a corrupted altar of Lugonu.
    78 | Abyss:1  | Noticed a rust devil
    81 | Abyss:1  | Noticed a small abomination
    81 | Abyss:1  | Noticed a chaos spawn
    87 | Abyss:2  | Found a corrupted altar of Lugonu.
   127 | Abyss:2  | Noticed a large abomination
   134 | D:1      | Escaped the Abyss
   172 | D:1      | Reached XP level 2. HP: 21/27 MP: 3/3
   281 | D:1      | Reached * piety under Lugonu
  1170 | D:2      | Reached XP level 3. HP: 22/33 MP: 4/4
  1474 | D:2      | Found an iron altar of Okawaru.
  1699 | D:2      | Reached XP level 4. HP: 17/40 MP: 5/5
  1919 | D:2      | Found a snail-covered altar of Cheibriados.
  2140 | D:2      | Reached ** piety under Lugonu
  2447 | D:3      | Found an ancient bone altar of Kikubaaqudgha.
  2450 | D:3      | Found a hide-covered altar of Uskayaw.
  2453 | D:3      | Found an opulent altar of Gozag.
  2569 | D:3      | Found a sparkling altar of Nemelex Xobeh.
  3150 | D:3      | Reached XP level 5. HP: 46/46 MP: 6/6
  3971 | D:4      | Found a staircase to the Ecumenical Temple.
  4005 | D:4      | Noticed an ogre
  4021 | D:4      | Killed an ogre
  4021 | D:4      | Reached XP level 6. HP: 23/55 MP: 7/7
  4575 | D:4      | Reached skill level 5 in Fighting
  4694 | D:4      | Reached skill level 1 in Stealth
  4765 | D:4      | You fall through a shaft for 2 floors!
  4975 | D:5      | Entered Level 5 of the Dungeon
  5011 | D:5      | Reached skill level 5 in Axes
  5276 | D:5      | Your scales start taking on a fiery red colour.
  5276 | D:5      | Reached XP level 7. HP: 61/61 MP: 8/8
  5276 | D:5      | Gained mutation: Your flesh is heat resistant. (rF+) [Red Draconian growth]
  5581 | D:5      | Found a bloodstained altar of Trog.
  5748 | D:5      | Reached *** piety under Lugonu
  5851 | D:5      | Got an ichor-stained great mace
  5864 | D:5      | Identified the +7 great mace of Otogoutz {crush, Int+7} (You found it on level 5 of the Dungeon)
  5926 | D:5      | Found a runed door.
  5930 | D:5      | Noticed Crazy Yiuf
  5934 | D:5      | Killed Crazy Yiuf
  6169 | D:6      | Reached XP level 8. HP: 69/70 MP: 8/10
  6197 | D:6      | Found a hazy altar of Hepliaklqana.
  6608 | D:6      | Reached skill level 1 in Maces & Flails
  6819 | D:7      | Reached skill level 2 in Maces & Flails
  6869 | D:7      | Found a stormy altar of Qazlal.
  7058 | D:7      | Reached skill level 3 in Maces & Flails
  7485 | D:7      | Reached skill level 5 in Dodging
  7682 | D:8      | Reached skill level 4 in Maces & Flails
  7687 | D:8      | Reached XP level 9. HP: 72/78 MP: 10/12
  7805 | D:8      | Found a flagged portal.
  7816 | Bailey   | Entered a bailey
  7828 | Bailey   | Reached **** piety under Lugonu
  8389 | Bailey   | Noticed an orc knight
  8404 | Bailey   | Banished an orc knight
  8404 | Bailey   | Reached skill level 5 in Maces & Flails
  8890 | D:8      | Reached ***** piety under Lugonu
  8919 | D:8      | Reached skill level 5 in Invocations
  8955 | D:8      | Identified a scroll of acquirement
  9046 | D:8      | You fall through a shaft for 2 floors!
  9046 | D:10     | Entered Level 10 of the Dungeon
  9051 | D:10     | Noticed Maurice
  9055 | D:10     | Noticed loom's ghost (journeyman DECj)
  9064 | D:11     | Reached skill level 6 in Maces & Flails
  9078 | D:11     | Noticed Sonja
  9080 | D:11     | Noticed a brown ugly thing
  9083 | D:11     | Killed Sonja
  9087 | D:11     | Banished a brown ugly thing
  9087 | D:11     | Reached XP level 10. HP: 41/86 MP: 14/14
  9090 | D:11     | Noticed Gastronok
  9110 | D:11     | Killed Gastronok
  9110 | D:11     | Reached skill level 7 in Maces & Flails
  9110 | D:11     | Reached skill level 5 in Stealth
  9292 | D:11     | Killed Maurice
  9354 | D:11     | Noticed a manticore
  9378 | D:10     | Banished loom's ghost
  9378 | D:10     | Reached skill level 8 in Maces & Flails
  9992 | D:8      | Found a shadowy altar of Dithmenos.
 10030 | D:8      | Noticed Erica
 10038 | D:8      | Killed Erica
 10444 | D:8      | Gained mutation: You do not regenerate when monsters are visible. [mutagenic meat]
 10451 | D:8      | Gained mutation: Your spells are a little easier to cast, but a little less powerful. [mutagenic meat]
 10452 | D:8      | Gained mutation: You are robust. (+10% HP) [mutagenic meat]
 10453 | D:8      | Gained mutation: You are agile. (Dex +2) [mutagenic meat]
 10455 | D:8      | Gained mutation: You evolve. [mutagenic meat]
 10459 | D:8      | Gained mutation: You are very robust. (+20% HP) [evolution]
 10459 | D:8      | Lost mutation: You evolve. [end of evolution]
 10462 | D:8      | Lost mutation: You are agile. (Dex +2) [potion of mutation]
 10462 | D:8      | Lost mutation: Your spells are a little easier to cast, but a little less powerful. [potion of mutation]
 10462 | D:8      | Lost mutation: You are very robust. (+20% HP) [potion of mutation]
 10462 | D:8      | Gained mutation: Potions are less effective at restoring your health. [potion of mutation]
 10462 | D:8      | Gained mutation: You have a pair of small antennae on your head. [potion of mutation]
 10464 | D:8      | Lost mutation: You do not regenerate when monsters are visible. [potion of mutation]
 10464 | D:8      | Lost mutation: You have a pair of small antennae on your head. [potion of mutation]
 10464 | D:8      | Lost mutation: Potions are less effective at restoring your health. [potion of mutation]
 10464 | D:8      | Lost mutation: You are robust. (+10% HP) [potion of mutation]
 10464 | D:8      | Gained mutation: You evolve. [potion of mutation]
 10464 | D:8      | Gained mutation: Your system is resistant to poisons. (rPois) [potion of mutation]
 10465 | D:8      | Lost mutation: You evolve. [potion of mutation]
 10465 | D:8      | Lost mutation: Your system is resistant to poisons. (rPois) [potion of mutation]
 10465 | D:8      | Gained mutation: Scrolls take you a little longer to read. [potion of mutation]
 10465 | D:8      | Gained mutation: You have a pair of small horns on your head. [potion of mutation]
 10466 | D:8      | Lost mutation: You have a pair of small horns on your head. [potion of mutation]
 10466 | D:8      | Lost mutation: Scrolls take you a little longer to read. [potion of mutation]
 10466 | D:8      | Gained mutation: You are agile. (Dex +2) [potion of mutation]
 10466 | D:8      | Gained mutation: You are frail. (-10% HP) [potion of mutation]
 10466 | D:8      | Gained mutation: Your tail ends in a poisonous barb. [potion of mutation]
 10467 | D:8      | Lost mutation: You are agile. (Dex +2) [potion of mutation]
 10467 | D:8      | Lost mutation: Your tail ends in a poisonous barb. [potion of mutation]
 10467 | D:8      | Lost mutation: You are frail. (-10% HP) [potion of mutation]
 10467 | D:8      | Gained mutation: Your muscles are strong. (Str +2) [potion of mutation]
 10467 | D:8      | Gained mutation: You have large cloven feet. [potion of mutation]
 10468 | D:8      | Lost mutation: Your muscles are strong. (Str +2) [potion of mutation]
 10468 | D:8      | Lost mutation: You have large cloven feet. [potion of mutation]
 10468 | D:8      | Gained mutation: You are weak. (Str -2) [potion of mutation]
 10468 | D:8      | Gained mutation: You possess an exceptional clarity of mind. [potion of mutation]
 10719 | D:9      | Reached XP level 11. HP: 94/94 MP: 16/16
 10892 | D:9      | Found a staircase to the Orcish Mines.
 11139 | D:9      | Reached skill level 9 in Maces & Flails
 11486 | D:9      | Found a staircase to the Lair.
 11850 | D:9      | Found a burning altar of Makhleb.
 11982 | D:9      | Noticed a two-headed ogre
 11990 | D:9      | Killed a two-headed ogre
 12187 | D:9      | Noticed a two-headed ogre
 12193 | D:9      | Killed a two-headed ogre
 12436 | Lair:1   | Entered Level 1 of the Lair of Beasts
 13191 | Lair:1   | Reached skill level 1 in Evocations
 13221 | Lair:1   | Slain by a spiny frog

Skill      XL: |  1  2  3  4  5  6  7  8  9 10 11 |
---------------+----------------------------------+-----
Fighting       | 4 5 6 7 8 |  8.5
Dodging        | 3 4 5 6 7 |  7.9
Axes           | 3 4 5 6 |  6.4
Stealth        | 1 2 3 4 6 7 |  7.1
Invocations    | 4 5 6 7 |  7.9
Maces & Flails | 4 6 8 9 |  9.9
Evocations     | 1 |  1.0
Throwing       | |  0.3

Action                   |  1- 3 |  4- 6 |  7- 9 | 10-12 || total
-------------------------+-------+-------+-------+-------++-------
Melee: Hand axe          |    97 |   214 |    36 |       ||   347
       Tailslap          |     5 |    24 |    40 |    19 ||    88
       Great mace        |       |       |   236 |   235 ||   471
Throw: Tomahawk          |       |     4 |       |     1 ||     5
Invok: Depart the Abyss  |     1 |       |       |       ||     1
       Banish            |       |       |     1 |     4 ||     5
 Abil: Breathe Fire      |       |       |     7 |    14 ||    21
       Evoke Flight      |       |       |       |     3 ||     3
Evoke: Wand              |       |       |     1 |       ||     1
  Use: Scroll            |     4 |     4 |    10 |     7 ||    25
       Potion            |       |     3 |     1 |    16 ||    20
 Stab: Sleeping          |     1 |       |     4 |     3 ||     8
       Distracted        |       |       |       |     1 ||     1
       Confused          |       |       |       |     1 ||     1
  Eat: Chunk             |     2 |    12 |    10 |    21 ||    45
       Bread ration      |       |       |     1 |       ||     1
       Meat ration       |       |       |       |     1 ||     1
Armor: Skin              |    45 |    51 |   118 |    88 ||   302
Dodge: Dodged            |   104 |   142 |   264 |   287 ||   797
